Description

This build is the Hellbat Ghost Timing Attack SpeCial used against soO in game 1. This build hits around 5:15 with 8 Hellbats and 2 Ghosts.

VOD

https://youtu.be/YOouiIITh6U

Build Order

Why is there no SALT encoding or Overwolf build?

  14  0:18  Supply Depot  
  16  0:43  Barracks  
  16  0:46  Refinery  
  19  1:29  Orbital Command, Reaper  
  21  1:41  Command Center  
  22  1:58  Supply Depot  
  22  2:01  Marine  
  23  2:06  Factory  
    2:19  Refinery  
    2:24  Barracks Reactor  Swap Factory on after its finished
    2:53  Orbital Command  Natural CC
    2:56  Ghost Academy  Ghost Production is delayed, in favor of Hellions
    3:00  Hellion x2  Constant Production up to 8
    3:10  Barracks Tech Lab  For the Ghosts
    3:22  Supply Depot  
    3:34  Ghost  2nd ghost immediately after
    3:44  Supply Depot  
    4:03  Armory  
    4:16  Supply Depot  
    4:45  Supply Depot  Move out with Ghost and Hellion, Swap Factory to Tech Lab and Rax to Reactor
    4:56  Command Center  
    5:02  Marine x2  3 Sets (7 Total)
    5:05  Siege Tank  
    5:29  Command Center  4th CC
    5:35  Refinery x2  
    5:53  Terran Vehicle Weapons Level 1  
    6:22  Factory x4  As money allows
    6:40  Barracks Reactor  
    6:50  Starport  
    7:00  Refinery x2  Float 3rd CC, Take Gases as it lands
    7:26  Engineering Bay, Armory  Scan for Tech
Spawning Tool Build Advisor. Get it on Overwolf

Go to:

Details

  • Created by: Zacky
  • Published on: Jul 22, 2018
  • Modified on: Jul 23, 2018
  • Patch: 4.0.0
Show

Export as new Build Order

Comments (0)

There are no comments. Be the first!

Create an account to comment!